 Dungeon Crawl Stone Soup version 0.29-a0-925-g0a7a3d12f8 (webtiles) character file.

Game seed: 12980832096771803645

58 omnesmortales the Magician (level 3, -3/31 HPs)
             Began as a Troll Hedge Wizard on July 28, 2022.
             Slain by a gnoll
             ... wielding a +0 halberd
              (14 damage)
             ... on level 3 of the Dungeon.
             The game lasted 00:11:18 (1689 turns).

omnesmortales the Magician (Troll Hedge Wizard)     Turns: 1689, Time: 00:11:19

Health: -3/31      AC:  5    Str: 24    XL:     3   Next: 75%
Magic:  0/5        EV: 10    Int: 12    God:
Gold:   162        SH:  0    Dex:  9    Spells: 5/6 levels left

rFire   . . .      SeeInvis .   (no weapon)
rCold   . . .      Faith    .   (no shield)
rNeg    . . .      Spirit   .   b - +0 robe
rPois   .          Reflect  .   c - +1 hat
rElec   .          Harm     .   (no cloak)
rCorr   .          Rampage  .   (gloves unavailable)
Will    .....                   (boots unavailable)
Stlth   +.........              (no amulet)
HPRegen 0.90/turn               i - +6 ring of strength
MPRegen 0.09/turn               j - ring of wizardry

@: no status effects
A: large, unfitting armour, claws 3, regeneration 1, shaggy fur 1, tough skin 1
a: no special abilities


You were on level 3 of the Dungeon.
You visited 1 branch of the dungeon, and saw 3 of its levels.

You collected 162 gold pieces.

Inventory:

Hand Weapons
 a - a +0 dagger
Missiles
 h - 20 stones (quivered)
Armour
 b - a +0 robe (worn)
 c - a +1 hat (worn)
Jewellery
 i - a +6 ring of strength (left claw)
 j - a ring of wizardry (right claw)
Scrolls
 k - 2 scrolls of identify
Potions
 d - a potion of magic
 f - a potion of mutation {unknown}
 g - a potion of haste {unknown}


   Skills:
 + Level 2.0 Dodging
 - Level 1.2 Stealth
 * Level 0.5 Unarmed Combat
 + Level 2.2 Spellcasting
 * Level 1.2 Conjurations
 + Level 1.1 Summonings
 + Level 1.0 Translocations


You had 5 spell levels left.
You knew the following spells:

 Your Spells              Type           Power      Damage    Failure   Level
a - Magic Dart            Conj           16%        1d3       6%          1

Your spell library contained the following spells:

 Spells                   Type           Power      Damage    Failure   Level
 Slow                     Hex            4%         N/A       11%         1
 Blink                    Tloc           6%         N/A       11%         2
 Call Imp                 Summ           3%         N/A       11%         2
 Conjure Flame            Conj/Fire      2%         6-21      26%         3
 Mephitic Cloud           Conj/Pois/Air  2%         N/A       26%         3


Dungeon Overview and Level Annotations

Branches:
Dungeon (3/15)

Altars:

Shops:
D:2 (


Innate Abilities, Weirdness & Mutations

You are too large for most types of armour.
You have claws for hands.
Your natural rate of healing is unusually fast.
You are covered in fur. (AC +1)
You have tough skin. (AC +1)


Message History

There is a stone staircase leading up here.
The gnoll misses you.
The gnoll throws a throwing net.
The throwing net hits you.
You become entangled in the net!
You stop ascending the stairs.
Casting: Magic Dart (safe; 6% risk of failure)
Confirm with . or Enter, or press ? or * to list all spells.
Aiming: Magic Dart (safe; 6% risk of failure)
Press: ? - help, Shift-Dir - straight line, f/p - gnoll
Aim: a gnoll, wielding a +0 spear (lightly wounded, 100% to hit)
The magic dart hits the gnoll.
The gnoll is lightly wounded.
The gnoll hits you from afar with a +0 spear.
Casting: Magic Dart (safe; 6% risk of failure)
Confirm with . or Enter, or press ? or * to list all spells.
Aiming: Magic Dart (safe; 6% risk of failure)
Press: ? - help, Shift-Dir - straight line, f/p - gnoll
Aim: a gnoll, wielding a +0 spear (lightly wounded, 100% to hit)
The magic dart hits the gnoll but does no damage.
The gnoll is lightly wounded.
The gnoll barely misses you.
The gnoll hits you from afar with a +0 spear.
You cannot throw/fire anything while held in a net.
The gnoll hits you but does no damage.
The gnoll hits you from afar with a +0 halberd!
The gnoll hits you from afar with a +0 spear.
The gnoll hits you from afar with a +0 halberd.
You tear a large gash into the net.
The gnoll hits you from afar with a +0 halberd!
* * * LOW HITPOINT WARNING * * *
The gnoll hits you from afar with a +0 spear.
* * * LOW HITPOINT WARNING * * *
The gnoll hits you with a +0 whip.
* * * LOW HITPOINT WARNING * * *
You feel much better.
The gnoll hits you from afar with a +0 spear!
The gnoll completely misses you. The gnoll hits you with a +0 whip.
You shred the net and break free!
The gnoll shouts!
The gnoll hits you from afar with a +0 halberd!
You die...

..g..# #........#
......###........#
#...#..<.g.......#
#.....##........### ######
......###..........##.....##
##.=#...###.#..............##
##.#...###.................#
# ##........gg............#
#........g.@...........#
#...............†......#
#.........†............#
#......................#
#......#..............##
#......#.>....##.....##
#......#..#.##########
#######....... #.........


You could see 4 gnolls.

Vanquished Creatures
  An adder (D:2)
  3 worms
  A dart slug (D:2)
  8 bats
  3 endoplasms (D:1)
  2 giant cockroaches
  3 goblins (D:1)
  2 hobgoblins (D:1)
  4 jackals (D:1)
  3 kobolds
  3 ball pythons (D:1)
  2 frilled lizards
  4 rats
39 creatures vanquished.

Notes
Turn   | Place    | Note
-------+----------+-------------------------------------------
     0 | D:1      | omnesmortales the Troll Hedge Wizard began the quest for
                  | the Orb.
     0 | D:1      | Reached XP level 1. HP: 16/16 MP: 2/2
    78 | D:1      | Reached XP level 2. HP: 24/24 MP: 4/4
   225 | D:1      | Reached skill level 1 in Conjurations
   480 | D:1      | Reached skill level 1 in Summonings
   810 | D:2      | Reached XP level 3. HP: 31/31 MP: 5/5
   829 | D:2      | Reached skill level 1 in Translocations
   829 | D:2      | Found Luylasch's Weapon Shop.
  1687 | D:3      | HP: 1/31 [gnoll/+0 whip (2)]
  1689 | D:3      | Slain by a gnoll

Illustrated notes

Levels and vault maps discovered:
D:1:      lemuel_arrival_hallway, layout_loops_ring, skrybe_limestone_x
D:2:      layout_loops_cross, serial_shops, shop
D:3:      layout_rooms, cheibrodos_worm_habitat, uniq_ijyb

Skill      XL: |  1  2  3 |
---------------+----------+-----
Conjurations   | 1 |  1.2
Summonings     | 1 |  1.1
Dodging        | 2 |  2.0
Translocations | 1 |  1.0
Stealth        | |  1.2
Unarmed Combat | |  0.5
Spellcasting   | |  2.2

Action                   || total
-------------------------++-------
Melee: Unarmed           ||   123
 Cast: Magic Dart        ||     6
  Use: Scroll            ||     3
       Potion            ||     1
 Stab: Sleeping          ||     3
Armor: Robe              ||    81
Dodge: Dodged            ||    75

Table legend: (Time is in decaauts)
 A = Elapsed time spent in this place.
 B = Non-inter-level travel time spent in this place.
 C = Inter-level travel time spent in this place.
 D = Time resting spent in this place.
 E = Time spent auto-exploring this place.
 F = Levels seen in this place.
 G = Mean time per level.
                   A        B        C        D        E       F      G
               +--------+--------+--------+--------+--------+-----+--------+
         Total |   1687 |   1641 |     46 |     15 |    940 |   3 |  562.3 |
       Dungeon |   1687 |   1641 |     46 |     15 |    940 |   3 |  562.3 |
               +--------+--------+--------+--------+--------+-----+--------+

Top non-repeatable levels by time:
     D:2: 852 daAuts
     D:1: 700 daAuts
     D:3: 134 daAuts
